 Dungeon Crawl Stone Soup version 0.26-a0-597-gb535b0901c (webtiles) character file.

Game seed: 9986144187580386061

56 Lanoc the Charlatan (level 3, -1/32 HPs)
             Began as a Naga Artificer on Sept 7, 2020.
             Hit by a boomerang thrown by an orc (3 damage)
             ... on level 3 of the Dungeon.
             The game lasted 00:02:48 (1632 turns).

Lanoc the Charlatan (Naga Artificer)                Turns: 1632, Time: 00:02:48

Health: -1/32      AC:  2    Str: 14    XL:     3   Next: 95%
Magic:  3/3        EV:  9    Int: 11    God:
Gold:   151        SH:  0    Dex: 12    Spells: 2/2 levels left

rFire    . . .     SeeInvis +   a - +1 whip (flame)
rCold    . . .     Faith    .   (no shield)
rNeg     . . .     Spirit   .   b - +0 leather armour
rPois    +         Reflect  .   (no helmet)
rElec    .         Harm     .   (no cloak)
rCorr    .                      (no gloves)
MR       .....                  (no barding)
Stlth    +.........             (no amulet)
HPRegen  0.10/turn              (no ring)
MPRegen  0.08/turn              (no ring)

@: short of breath, very slow
A: large, see invisible, deformed body, poison resistance, slowness 2, spit
poison 1, AC +1
a: Spit Poison


You were on level 3 of the Dungeon.
You visited 1 branch of the dungeon, and saw 3 of its levels.

You collected 151 gold pieces.

Inventory:

Hand Weapons
 a - a +1 whip of flaming (weapon)
Armour
 b - a +0 leather armour (worn)
Wands
 c - a wand of flame (15)
 d - a wand of enslavement (10)
 e - a wand of random effects (15)
Scrolls
 f - a scroll of immolation {unknown}
 g - 2 scrolls of teleportation {unknown}
 h - a scroll of identify {unknown}
 i - a scroll of enchant weapon {unknown}
 k - a scroll of amnesia {unknown}
Potions
 j - 2 potions of stabbing {unknown}
 l - 2 potions of berserk rage {unknown}


   Skills:
 + Level 1.9 Fighting
 + Level 2.1 Armour
 + Level 1.5 Dodging
 - Level 1.5 Stealth
 + Level 3.4 Evocations


You had 2 spell levels left.
You didn't know any spells.
Your spell library was empty.

Dungeon Overview and Level Annotations

Branches:
Dungeon (3/15)

Altars:
Fedhas


Innate Abilities, Weirdness & Mutations

You cannot wear boots.
Your serpentine skin is tough. (AC +1)
You have supernaturally acute eyesight. (SInv)
Armour fits poorly on your strangely shaped body.
Your system is resistant to poisons. (rPois)
You cover ground very slowly.
You can spit poison.


Message History

The orc is charmed.
The orc throws a boomerang.
The boomerang closely misses your orc. The boomerang hits you.
* * * LOW HITPOINT WARNING * * *
The weapon returns to the orc!
The hobgoblin hits your orc with a +0 club.
Your orc dies!
Press: ? - help, Shift-Dir - straight line, f - orc
Aim: an orc, wielding a +0 short sword of flaming The splash of poison hits the orc!
The orc is poisoned.
You kill the orc!
The orc throws a boomerang.
The boomerang hits you.
* * * LOW HITPOINT WARNING * * *
Evoke which item? (* to show all) (? for menu, Esc to quit)
Aiming: Enslavement
Press: ? - help, Shift-Dir - straight line, f - hobgoblin
Aim: a hobgoblin, wielding a +0 club (chance to defeat MR: 73%)
The hobgoblin is charmed.
The orc throws a boomerang.
The boomerang barely misses your hobgoblin.
The boomerang hits you.
You die...

...#.##.....# ..#
#.......##
####.####.#####.# ..
####..)............##
...##.!.>...# .###...(.#
...!.....##.# .###.....#
.........##.## .........#
.......og#...######.....#
...##<###@....# #....<#
.. #........## #######
#######.### #...##
#####.#..########
#...............#
#..####.####.###.#### #
##.....##..##.#...
#.......#.......##


You could see an orc and a friendly hobgoblin (charmed).

Vanquished Creatures
  An adder (D:2)
  An ooze (D:1)
  A dart slug (D:2)
  2 leopard geckos (D:1)
  3 orcs (D:3)
  2 ball pythons (D:1)
  A giant cockroach (D:3)
  4 goblins
  5 hobgoblins (D:1)
  A jackal (D:1)
  2 kobolds (D:1)
  5 bats
  2 frilled lizards (D:1)
  A rat (D:2)
31 creatures vanquished.

Vanquished Creatures (collateral kills)
  A kobold (D:1)
1 creature vanquished.

Vanquished Creatures (others)
  An orc (D:3)
1 creature vanquished.

Grand Total: 33 creatures vanquished

Notes
Turn   | Place    | Note
-------+----------+-------------------------------------------
     0 | D:1      | Lanoc the Naga Artificer began the quest for the Orb.
     0 | D:1      | Reached XP level 1. HP: 18/18 MP: 1/1
   160 | D:1      | Reached skill level 1 in Dodging
   214 | D:1      | Reached XP level 2. HP: 12/25 MP: 2/2
   216 | D:1      | HP: 1/25 [hobgoblin/+0 club (2)]
   907 | D:1      | Reached XP level 3. HP: 31/31 MP: 3/3
  1583 | D:3      | Found a blossoming altar of Fedhas.
  1632 | D:3      | Hit by a boomerang thrown by an orc

Illustrated notes

Levels and vault maps discovered:
D:1:      dpeg_arrival_radiant, layout_basic, minmay_quantized
D:2:      layout_basic, lemuel_crystal_altar, lemuel_round_altar,
          chequers_ecumenical_altar_grove, nrook_campfire, minmay_octomino_e4,
          uniq_robin
D:3:      layout_loops_cross, old_standard_altar

Skill      XL: |  1  2 |
---------------+-------+-----
Dodging        | 1 |  1.5
Armour         | 2 |  2.1
Fighting       | |  1.9
Stealth        | |  1.5
Evocations     | |  3.4

Action                   || total
-------------------------++-------
Melee: Club              ||    59
       Whip              ||    23
 Abil: Spit Poison       ||    31
Evoke: Wand              ||     5
Armor: Leather armour    ||    24
Dodge: Dodged            ||    57

Table legend: (Time is in decaauts)
 A = Elapsed time spent in this place.
 B = Non-inter-level travel time spent in this place.
 C = Inter-level travel time spent in this place.
 D = Time resting spent in this place.
 E = Time spent auto-exploring this place.
 F = Levels seen in this place.
 G = Mean time per level.
                   A        B        C        D        E       F      G
               +--------+--------+--------+--------+--------+-----+--------+
         Total |   1846 |   1814 |     32 |    232 |   1276 |   3 |  615.3 |
       Dungeon |   1846 |   1814 |     32 |    232 |   1276 |   3 |  615.3 |
               +--------+--------+--------+--------+--------+-----+--------+

Top non-repeatable levels by time:
     D:1: 1426 daAuts
     D:3: 232 daAuts
     D:2: 187 daAuts
